 Dungeon Crawl Stone Soup version 0.30-a0-365-ge7f957f1db (webtiles) character file.

Game seed: 209799497756149225

300 mcwallace the Ruffian (level 6, -6/85 HPs)
             Began as a Troll Transmuter on Nov 16, 2022.
             Mangled by a killer bee (7 damage)
             ... on level 4 of the Dungeon.
             The game lasted 00:06:49 (3027 turns).

mcwallace the Ruffian (Troll Transmuter)            Turns: 3027, Time: 00:06:50

Health: -6/85      AC: 23    Str: 21    XL:     6   Next: 13%
Magic:  8/8        EV:  1    Int: 12    God:
Gold:   158        SH: 14    Dex:  5    Spells: 8/9 levels left

rFire   + + .      SeeInvis +      - Unarmed
rCold   + . .      Faith    .    n - +5 tower shield "Onucuu" {rF+ Int+3 Dex-5}
rNeg    . . .      Spirit   .    (body armour currently unavailable)
rPois   +          Reflect  .    (helmet currently unavailable)
rElec   +          Harm     .    (cloak currently unavailable)
rCorr   +          Rampage  .    (gloves unavailable)
Will    .....      NoTele   +    (boots unavailable)
Stlth   +.........               (no amulet)
HPRegen 1.14/turn                d - ring of see invisible
MPRegen 0.11/turn                v - ring of resist corrosion

@: lethally poisoned (-6 -> -8), tree-form, resistant
A: stationary, stasis, torment immunity, boosted hp, large, unfitting armour,
(claws 3), regeneration 1, (shaggy fur 1), (tough skin 1)
a: no special abilities


You were on level 4 of the Dungeon.
You were a tree.
You visited 1 branch of the dungeon, and saw 5 of its levels.

You collected 158 gold pieces.


Innate Abilities, Weirdness & Mutations

You are a tree.
Your roots penetrate the ground, keeping you stationary.
You cannot be teleported.
You are immune to unholy pain and torment.
Your maximum health is greatly increased.
Your equipment is partially melded.
You are too large for most types of armour.
((You have claws for hands.))
Your natural rate of healing is unusually fast.
((You are covered in fur. (AC +1)))
((You have tough skin. (AC +1)))


   Skills:
 + Level 2.1 Fighting
 + Level 2.6 Dodging
 + Level 1.6 Shields
 + Level 3.9 Unarmed Combat
 + Level 2.0 Spellcasting
 + Level 2.4 Transmutations


You had 8 spell levels left.
You knew the following spells:

 Your Spells              Type           Power      Damage    Failure   Level
a - Beastly Appendage     Tmut           14%        N/A       63%         1

Your spell library contained the following spells:

 Spells                   Type           Power      Damage    Failure   Level
 Wereblood                Tmut           7%         N/A       77%         2
 Summon Small Mammal      Summ           4%         N/A       91%         1
 Sublimation of Blood     Necr           1%         N/A       97%         2
 Spider Form              Tmut/Pois      4%         N/A       99%         3
 Ice Form                 Ice/Tmut       4%         N/A       100%        4
 Summon Hydra             Summ           0%         N/A       100%        7

Inventory:

Missiles
 c - 29 stones {throwing}
 o - 4 boomerangs {throwing}
 r - 13 poisoned darts {throwing}
Armour
 a - a +0 robe (melded)
 e - a +0 robe
   (You found it on level 1 of the Dungeon)
 f - a +0 cloak (melded)
   (You found it on level 1 of the Dungeon)
 n - the +5 tower shield "Onucuu" (worn) {rF+ Int+3 Dex-5}
   (You found it on level 2 of the Dungeon)

   Int:       It affects your intelligence (+3).
   Dex:       It affects your dexterity (-5).
   rF:        It protects you from fire.
 p - a +0 animal skin
   (You took it off Robin on level 2 of the Dungeon)
 A - a +0 robe
   (You took it off a gnoll bouda on level 4 of the Dungeon)
Jewellery
 d - a ring of see invisible (left branch)
   (You found it on level 1 of the Dungeon)
 v - a ring of resist corrosion (right branch)
   (You found it on level 3 of the Dungeon)
 y - a ring of fire
   (You found it on level 4 of the Dungeon)
Scrolls
 i - a scroll of butterflies
 j - a scroll of teleportation {@r4}
 m - a scroll of identify {@r1}
 q - a scroll of enchant weapon {unknown}
 t - 2 scrolls of vulnerability {!r!r}
 u - a scroll of amnesia {unknown}
 w - a scroll of summoning {unknown}
 z - a scroll of fear {unknown}
Potions
 b - 2 potions of lignification {!q}
 g - a potion of heal wounds {unknown}
 h - a potion of degeneration {unknown}
 l - a potion of brilliance {unknown}
 s - a potion of resistance
 x - a potion of haste {unknown}

Dungeon Overview and Level Annotations

Branches:
Dungeon (5/15) Zot: 26865
 Temple: D:4-7

Altars:
Ashenzari
Kikubaaqudgha
Sif Muna
Vehumet

#.## #..#####.....
#.# #............
###.#
#............
#...####
#............
#...##.#
#............
##.bb...#
#............
###.......#
##...........
##..bbbb.ys#
##..........
##...bbbb.gā™£#
##.........
##.....bbbbS.#
###.......
#####......bb..b##
###.....
............b...#
######
...##.....b.b..##
8...##>)....b..#
..8..#......b.##
.......#....b.#
####
_.....###.##..##
####...


You could see a scorpion, a killer bee (ally target), a gnoll (ally target) and
an adder (ally target).


Message History

The gnoll hits you with a +0 flail.
* * * LOW HITPOINT WARNING * * *
The killer bee stings you.
* * * LOW HITPOINT WARNING * * *
The adder barely misses you.
The scorpion barely misses you. šŸ˜Ø HP[-8]
You take 8 damage, and now have 23/57 hp.
You completely miss the killer bee. You block the killer bee's attack.
The killer bee barely misses you. The gnoll hits you with a +0 flail.
* * * LOW HITPOINT WARNING * * *
The adder bites you.
* * * LOW HITPOINT WARNING * * *
The scorpion stings you but does no damage.
You block the killer bee's attack.
You block the gnoll's attack. šŸ˜Ø HP[-6]
You take 6 damage, and now have 17/57 hp.
You closely miss the killer bee. You block the killer bee's attack.
The adder bites you.
* * * LOW HITPOINT WARNING * * *
You block the scorpion's attack. The killer bee barely misses you.
You block the gnoll's attack. The adder bites you.
* * * LOW HITPOINT WARNING * * *
You are poisoned.
The adder poisons you!
The killer bee stings you but does no damage.
The scorpion stings you.
* * * LOW HITPOINT WARNING * * *
šŸ˜Ø HP[-1]
You take 1 damage, and now have 16/57 hp.
As you read the scroll labelled ZIANGO KEEMULE, it crumbles to dust.
You hear the tinkle of a tiny bell.
It was a scroll of butterflies.
You feel sick. The killer bee stings you.
* * * LOW HITPOINT WARNING * * *
You block the adder's attack. The gnoll completely misses you.
You block the scorpion's attack. The killer bee stings you.
* * * LOW HITPOINT WARNING * * *
You are more poisoned.
The killer bee poisons you! šŸ˜± HP[-7]
You take 7 damage, and now have 9/57 hp.
Really quaff the potion of lignification?
You turn into a tree.
Your +0 cloak melds into your body.
Your +0 robe melds into your body.
Your roots penetrate the ground.
You feel very sick. You block the adder's attack.
The killer bee stings you but does no damage.
The gnoll hits you but does no damage.
The scorpion stings you but does no damage.
You block the adder's attack. The killer bee stings you.
* * * LOW HITPOINT WARNING * * *
šŸ˜± HP[-2]
You now have 85 max hp (+28).
There are monsters nearby!
As you read the scroll labelled HUT RUULIPP, it crumbles to dust.
It is a scroll of identify.
k - 2 potions of curing You feel very sick.
The killer bee stings you but does no damage.
The scorpion stings you.
* * * LOW HITPOINT WARNING * * *
You block the gnoll's attack. The adder bites you.
* * * LOW HITPOINT WARNING * * *
The killer bee stings you but does no damage. šŸ˜± HP[-5]
You take 5 damage, and now have 2/85 hp.
You feel better. You block the killer bee's attack. The scorpion stings you.
* * * LOW HITPOINT WARNING * * *
The adder bites you but does no damage. The gnoll hits you with a +0 flail!
* * * LOW HITPOINT WARNING * * *
You block the killer bee's attack. šŸ˜± HP[+2]
You regained 2 hp, and now have 4/85 hp.
You feel better. The scorpion stings you.
* * * LOW HITPOINT WARNING * * *
You are poisoned.
The scorpion poisons you! You block the killer bee's attack.
The adder bites you but does no damage. The gnoll barely misses you.
The scorpion stings you but does no damage.
You block the adder's attack.
You block the killer bee's attack. šŸ˜± HP[+3]
You regained 3 hp, and now have 7/85 hp.
As you read the scroll labelled IPHEIRCH AGRA, it crumbles to dust.
You feel a strange sense of stasis.
It was a scroll of teleportation.
You feel sick. The killer bee stings you.
* * * LOW HITPOINT WARNING * * *
You are lethally poisoned!
The killer bee poisons you! You block the gnoll's attack.
You block the adder's attack.
The scorpion stings you but does no damage.
The killer bee stings you but does no damage. šŸ˜± HP[-4]
You take 4 damage, and now have 3/85 hp.
It was a potion of resistance.
You feel protected.
* * * LOW HITPOINT WARNING * * *
You feel very sick. You block the killer bee's attack.
The adder bites you but does no damage. You block the gnoll's attack.
You block the scorpion's attack. The killer bee stings you!
You die...

Skill      XL: |  1  2  3  4  5  6 |
---------------+-------------------+-----
Fighting       | 1 2 |  2.1
Dodging        | 2 |  2.6
Transmutations | 2 |  2.4
Shields        | 1 |  1.6
Spellcasting   | 2 |  2.0
Unarmed Combat | |  3.9

Action                   |  1- 3 |  4- 6 || total
-------------------------+-------+-------++-------
Melee: Unarmed           |   114 |   149 ||   263
       Punch             |     2 |       ||     2
  Use: Scroll            |       |     4 ||     4
       Potion            |       |     4 ||     4
Armor: Robe              |    39 |    50 ||    89
       Skin              |       |    11 ||    11
Dodge: Dodged            |    45 |    31 ||    76
Block: Tower shield      |    10 |   142 ||   152

Levels and vault maps discovered:
D:1:      minmay_arrival_radiant_lines, layout_basic,
          chequers_ecumenical_altar_simple_redux, minivault_11,
          minmay_tiny_reverse_x
D:2:      layout_loops_ring, minmay_goblin_kobold_house, uniq_robin
D:3:      layout_loops_ring, minmay_fractal_squares_gapless_5
D:4:      layout_cave_pods, grunt_temple_overflow_magic_moments,
          old_standard_altar, serial_column_ruins, column_ruins_hut,
          column_ruins_temple_circle, column_ruins_open_tiny,
          column_ruins_open_tiny, column_ruins_columns_straight,
          column_ruins_open_small
D:5:      layout_basic, lemuel_tele_altar, elyvilon_altar_3,
          minmay_temple_entry_junction, serial_glass, glass_columns_b,
          glass_columns_b, glass_columns_c, serial_bayou_lagoon_a,
          grunt_ministairs_1, saegor_snake_ambush

Notes
Turn   | Place    | Note
-------+----------+-------------------------------------------
     0 | D:1      | mcwallace the Troll Transmuter began the quest for the Orb.
     0 | D:1      | Reached XP level 1. HP: 18/18 MP: 1/1
     0 | D:1      | magus.rc [v1.9.6]
   173 | D:1      | Reached skill level 1 in Fighting
   180 | D:1      | Reached XP level 2. HP: 25/27 MP: 3/3
   191 | D:1      | Found a faded altar of an unknown god.
   192 | D:1      | You pick up a book of Blood and begin reading...
   192 | D:1      | You add the spells Sublimation of Blood and Summon Hydra to
                  | your library.
   781 | D:2      | Reached XP level 3. HP: 27/33 MP: 4/4
   798 | D:2      | Reached skill level 2 in Dodging
   903 | D:2      | Identified the +5 tower shield "Onucuu" {rF+ Int+3 Dex-5}
  1031 | D:2      | Noticed Robin
  1044 | D:2      | Reached XP level 4. HP: 40/41 MP: 5/5
  1051 | D:2      | Reached skill level 2 in Transmutations
  1064 | D:2      | Killed Robin
  2243 | D:4      | Reached skill level 1 in Shields
  2254 | D:4      | Reached XP level 5. HP: 48/48 MP: 6/6
  2304 | D:4      | Found a broken altar of Ashenzari.
  2484 | D:4      | Found a radiant altar of Vehumet.
  2484 | D:4      | Found an ancient bone altar of Kikubaaqudgha.
  2486 | D:4      | Found a shimmering blue altar of Sif Muna.
  2494 | D:4      | Got Sif Muna's Textbook on the Swarm
  2824 | D:4      | Found a faded altar of an unknown god.
  2901 | D:5      | Entered Level 5 of the Dungeon
  2907 | D:5      | Noticed a centaur
  2921 | D:5      | Killed a centaur
  2922 | D:5      | Reached skill level 2 in Fighting
  2965 | D:5      | Noticed a black bear
  2965 | D:5      | Noticed an ice beast
  2980 | D:5      | Reached XP level 6. HP: 47/57 MP: 7/7
  2988 | D:4      | Reached skill level 2 in Spellcasting
  3021 | D:4      | HP: 12/57 [killer bee (3)]
  3023 | D:4      | HP: 5/85 [poisoned by a killer bee]
  3023 | D:4      | HP: 2/85 [adder (2)]
  3027 | D:4      | Mangled by a killer bee

Vanquished Creatures
  A centaur (D:5)
  A gnoll bouda (D:4)
  A hound (D:4)
  Robin (D:2)
  4 adders
  A gnoll (D:5)
  An ufetubus (D:4)
  4 worms
  A dart slug (D:1)
  3 orcs (D:3)
  4 ball pythons
  4 bats
  8 endoplasms
  3 giant cockroaches
  15 goblins
  8 hobgoblins
  13 kobolds
  2 quokkas
  3 frilled lizards
  6 rats
84 creatures vanquished.

Table legend:
 A = Non-vault XP
 B = Vault XP
 C = Vault XP percentage of total XP
 D = Non-vault monster count
 E = Vault monster count
 F = Vault count percentage of total count
                 A         B        C        D         E       F
            +---------+---------+-------+---------+---------+-------
      Total |     375 |      54 |  12.6 |      64 |      20 |  23.8
            +---------+---------+-------+---------+---------+-------
        D:1 |      30 |       3 |   9.1 |      16 |       2 |  11.1
        D:2 |      69 |      37 |  34.9 |      22 |      14 |  38.9
        D:3 |      42 |       6 |  12.5 |      16 |       3 |  15.8
        D:4 |     112 |       8 |   6.7 |       8 |       1 |  11.1
        D:5 |     122 |       0 |   0.0 |       2 |       0 |   0.0
            +---------+---------+-------+---------+---------+-------

Illustrated notes

Table legend:
 A = Kills in this place as a percentage of kills in entire the game.
 B = Kills by you in this place as a percentage of kills by you in the entire game.
 C = Kills by friends in this place as a percentage of kills by friends in the entire game.
 D = Other kills in this place as a percentage of other kills in the entire game.
 E = Experience gained in this place as a percentage of experience gained in the entire game.
 F = Experience gained in this place divided by the number of levels of this place that you have seen.
                   A       B       C       D       E      F
               +-------+-------+-------+-------+-------+----------------------
         Total | 100.0 | 100.0 |   N/A |   N/A | 100.0 |  85.8
       Dungeon | 100.0 | 100.0 |   N/A |   N/A | 100.0 |  85.8
               +-------+-------+-------+-------+-------+----------------------

Table legend: (Time is in decaauts)
 A = Elapsed time spent in this place.
 B = Non-inter-level travel time spent in this place.
 C = Inter-level travel time spent in this place.
 D = Time resting spent in this place.
 E = Time spent auto-exploring this place.
 F = Levels seen in this place.
 G = Mean time per level.
                   A        B        C        D        E       F      G
               +--------+--------+--------+--------+--------+-----+--------+
         Total |   3063 |   2955 |    108 |     72 |   2236 |   5 |  612.6 |
       Dungeon |   3063 |   2955 |    108 |     72 |   2236 |   5 |  612.6 |
               +--------+--------+--------+--------+--------+-----+--------+

Top non-repeatable levels by time:
     D:4: 783 daAuts
     D:2: 749 daAuts
     D:3: 743 daAuts
     D:1: 698 daAuts
     D:5: 89 daAuts
